 Dungeon Crawl Stone Soup version 0.31-a0-325-g067879e3d3 (webtiles) character file.

Game seed: 6324318581567546529

65 IndexError the Changeling (level 3, -10/16 HPs)
             Began as a Felid Shapeshifter on July 18, 2023.
             Mangled by Robin
             ... wielding a +8 club
              (13 damage)
             ... on level 2 of the Dungeon.
             The game lasted 00:05:02 (1905 turns).

IndexError the Changeling (Felid Shapeshifter)      Turns: 1905, Time: 00:05:02

Health: -10/16     AC:  5    Str: 13    XL:     3   Next: 92%
Magic:  4/4        EV: 17    Int:  9    God:
Gold:   114        SH:  0    Dex: 16    Spells: 2/2 levels left
                                        Lives:  0   Deaths: 0

rFire   . .          .
                       - Unarmed
rCold   . . .        (shield unavailable)
rNeg    . . .        (body armour unavailable)
rPois   .            (helmet unavailable)
rElec   .            (cloak unavailable)
rCorr   .            (gloves unavailable)
SInv    +            (boots unavailable)
Will    .....        (no amulet)
Stlth   +            e - +4 ring of protection
HPRegen 0.22/turn    (no ring)
MPRegen 0.09/turn

%: no passive effects
@: beast-form, quick
A: beast (slay +2), very small, claws 1, fangs 3, see invisible, speed 1, shaggy
fur 1, stealthy paws, no weapons or thrown items, no armour, multi-lived
a: Begin Untransformation


You were on level 2 of the Dungeon.
You were a hulking beast.
You visited 1 branch of the dungeon, and saw 3 of its levels.

You collected 114 gold pieces.

Inventory:

Jewellery
 e - a +4 ring of protection (left paw)
   (You found it on level 1 of the Dungeon)
Talismans
 b - a beast talisman
Scrolls
 f - a scroll of noise {unknown}
 h - 2 scrolls of brand weapon {unknown}
 i - a scroll of fog {unknown}
 j - a scroll of revelation {unknown}
Potions
 a - a potion of lignification {!q}
 c - a potion of heal wounds {unknown}
 d - a potion of brilliance {unknown}
 g - a potion of berserk rage {unknown}
 k - a potion of mutation {unknown}


   Skills:
 - Level 2.0 Fighting
 - Level 2.6 Dodging
 * Level 3.6 Unarmed Combat
 + Level 3.8 Shapeshifting


You had 2 spell levels left.
You didn't know any spells.
Your spell library was empty.

Dungeon Overview and Level Annotations

Branches:
Dungeon (3/15)

Altars:
Cheibriados

Shops:
D:1 =

Annotations:
D:2 Robin


Innate Abilities, Weirdness & Mutations

You are a hulking beast.
Your limbs bulge with bestial killing power. (Slay +2)
You have sharp claws.
You have razor-sharp teeth.
You have supernaturally acute eyesight. (SInv)
You cover ground quickly. (Speed+)
You are covered in fur. (AC +1)
Your paws help you pounce on unaware monsters.
You are incapable of wielding weapons or throwing items.
You cannot wear armour.
You gain extra lives every three experience levels.


Message History

There is an open door here.
There is an open door here.
You see here a rat skeleton.
You see here a +0 long sword.
Done exploring.
Done exploring.
Done exploring.
Done exploring.
Done exploring.
There is a stone staircase leading down here.
You climb downwards.
There is a stone staircase leading up here.
You climb upwards.
There is a stone staircase leading down here.
There is a stone staircase leading down here.
You climb downwards.
The goblin shouts! x2; The hobgoblin shouts!
The goblin shouts! x3
Robin shouts!
Found a stone staircase leading up.
There is a stone staircase leading up here.
Robin throws the goblin at you!
You take 1 damage, and have 15/16 hp.
The goblin closely misses you. The goblin hits you but does no damage.
You climb upwards.
There is a stone staircase leading down here.
You scratch the goblin. The goblin hits you but does no damage.
Health restored: 16 You scratch the goblin.
The goblin closely misses you.
You scratch the goblin.
No target in view!
There is an open door here.
Things that are here:
a +0 robe; a +0 club You see here a jackal skeleton.
There is a stone staircase leading down here.
You climb downwards.
Level annotation: Robin The goblin hits you with a +0 dagger.
The goblin barely misses you.
Robin roars a battlecry!
The goblins go into a battle-frenzy!
There is a stone staircase leading up, spattered with blood here.
You take 3 damage, and have 13/16 hp.
The goblin hits you with a +0 dagger. x2
The goblin hits you but does no damage.
You climb upwards.
There is a stone staircase leading down here.
You take 3 damage, and have 10/16 hp.
You barely miss the goblin. The goblin hits you with a +0 club.
The goblin barely misses you. The goblin hits you but does no damage.
You scratch the goblin. The goblin barely misses you. The goblin misses you.
You scratch the goblin. The goblin completely misses you.
You closely miss the goblin. You bite the goblin.
No target in view!
No target in view!
HP restored.
Done exploring.
Health restored: 16
Things that are here:
a +0 dagger; a goblin corpse You see here a staff of death {rN+}.
Things that are here:
a +0 robe; a +0 club
There is an open door here.
You see here a +0 long sword.
There is a stone staircase leading down here.
You climb downwards.
Level annotation: Robin
There is a stone staircase leading up here.
An ogre comes into view. It is wielding a +0 giant spiked club.
The ogre shouts!
There is a stone staircase leading up here.
You climb upwards.
There is a stone staircase leading down here.
You see here a +0 long sword.
There is an open door here.
Things that are here:
a +0 robe; a +0 club
There is a stone staircase leading down here.
You climb downwards.
Level annotation: Robin Robin shouts!
The hobgoblin shouts!
The goblin shouts!
The hobgoblin shouts!
The goblin shouts!
Robin misses you. Robin barely misses you.
There is a stone staircase leading up, spattered with blood here.
Robin closely misses you.
You climb upwards.
There is a stone staircase leading down here.
You scratch Robin but do no damage. Robin hits you with a +8 club!
Ouch! That really hurt!
You take 8 damage, and have 8/16 hp.
MASSIVE DAMAGE!!
You are too injured to fight recklessly!
You are too injured to fight recklessly!
You are too injured to fight recklessly!
You scratch Robin. Robin hits you with a +8 club.
* * * LOW HITPOINT WARNING * * *
You take 5 damage, and have 3/16 hp.
MASSIVE DAMAGE!!
You scratch Robin. Robin hits you but does no damage.
You scratch Robin. Robin hits you with a +8 club!
Ouch! That really hurt!
You die...

#≈≈.≈### ##.## ##.....##...
§≈≈§≈#.## #..# ##...........
§≈..§#..### #### #.......<....
....§##...###########.....>......
≈≈≈≈≈####...........#............
###### ##..........#............
######## ##.........#...(........
.......####.....g)..#............
######..|.#.....h...##...........
#..............).)..###.....##...
#.#########...........####.######
..# ###########....†.# ###
######.# ###


You could see Robin.

Vanquished Creatures
  An adder (D:2)
  A worm (D:1)
  A dart slug (D:1)
  4 bats
  6 endoplasms
  9 goblins
  3 hobgoblins (D:1)
  4 jackals
  7 kobolds
  A quokka (D:1)
  2 ball pythons (D:1)
  5 frilled lizards
  4 rats (D:2)
48 creatures vanquished.

Notes
Turn   | Place    | Note
-------+----------+-------------------------------------------
     0 | D:1      | IndexError the Felid Shapeshifter began the quest for the
                  | Orb.
     0 | D:1      | Reached XP level 1. HP: 9/9 MP: 2/2
    56 | D:1      | Found Laimegaemo's Jewellery Emporium.
   158 | D:1      | HP: 1/9 [quokka (2)]
   164 | D:1      | HP: 1/9 [kobold/stone (1)]
   279 | D:1      | Reached XP level 2. HP: 10/13 MP: 3/3
   552 | D:1      | Reached skill level 3 in Unarmed Combat
   970 | D:1      | Reached XP level 3. HP: 16/16 MP: 4/4
   979 | D:2      | Found a snail-covered altar of Cheibriados.
  1188 | D:2      | Identified the +1 tower shield of Dust Devil {-Cast rN+
                  | Str+4}
  1674 | D:3      | Noticed Robin
  1831 | D:3      | Noticed an ogre
  1903 | D:2      | HP: 3/16 [Robin/+8 club (6)]
  1905 | D:2      | Mangled by Robin

Illustrated notes

Levels and vault maps discovered:
D:1:      dpeg_arrival_simpleton_a, layout_rooms, serial_shops,
          nicolae_shop_gaudy_bauble, serial_forest,
          infiniplex_forest_clump_large, infiniplex_forest_zigzag_1,
          infiniplex_forest_end_1, infiniplex_forest_lined_room_,
          infiniplex_forest_lined_1, infiniplex_forest_clump_small,
          infiniplex_forest_join, infiniplex_forest_clump_diagonal,
          infiniplex_forest_clump_diagonal
D:2:      layout_rooms, basic_altar, chequers_serial_rivers_marsh,
          kennysheep_pointless_box
D:3:      layout_rooms, mainiacjoe_overflow_24_doors, kiku_gazebo_pond_becter,
          mainiacjoe_overflow_small_starburst, mainiacjoe_overflow_brackets,
          minmay_ruptured, uniq_robin

Skill      XL: |  1  2 |
---------------+-------+-----
Unarmed Combat | 3 |  3.6
Fighting       | |  2.0
Dodging        | |  2.6
Shapeshifting  | |  3.8

Action                     || total
---------------------------++-------
  Melee: Unarmed           ||   236
         Bite              ||    40
         Punch             ||     6
 Armour: Skin              ||    11
  Dodge: Dodged            ||    74

Table legend: (Time is in decaauts)
 A = Elapsed time spent in this place.
 B = Non-inter-level travel time spent in this place.
 C = Inter-level travel time spent in this place.
 D = Time resting spent in this place.
 E = Time spent auto-exploring this place.
 F = Levels seen in this place.
 G = Mean time per level.
                   A        B        C        D        E       F      G
               +--------+--------+--------+--------+--------+-----+--------+
         Total |   1606 |   1389 |    217 |      7 |    833 |   3 |  535.3 |
       Dungeon |   1606 |   1389 |    217 |      7 |    833 |   3 |  535.3 |
               +--------+--------+--------+--------+--------+-----+--------+

Top non-repeatable levels by time:
     D:1: 887 daAuts
     D:2: 703 daAuts
     D:3: 15 daAuts

Levels and vault maps discovered:
D:1:      dpeg_arrival_simpleton_a, layout_rooms, serial_shops,
          nicolae_shop_gaudy_bauble, serial_forest,
          infiniplex_forest_clump_large, infiniplex_forest_zigzag_1,
          infiniplex_forest_end_1, infiniplex_forest_lined_room_,
          infiniplex_forest_lined_1, infiniplex_forest_clump_small,
          infiniplex_forest_join, infiniplex_forest_clump_diagonal,
          infiniplex_forest_clump_diagonal
D:2:      layout_rooms, basic_altar, chequers_serial_rivers_marsh,
          kennysheep_pointless_box
D:3:      layout_rooms, mainiacjoe_overflow_24_doors, kiku_gazebo_pond_becter,
          mainiacjoe_overflow_small_starburst, mainiacjoe_overflow_brackets,
          minmay_ruptured, uniq_robin

Table legend: (Time is in decaauts)
 A = Elapsed time spent in this place.
 B = Non-inter-level travel time spent in this place.
 C = Inter-level travel time spent in this place.
 D = Time resting spent in this place.
 E = Time spent auto-exploring this place.
 F = Levels seen in this place.
 G = Mean time per level.
                   A        B        C        D        E       F      G
               +--------+--------+--------+--------+--------+-----+--------+
         Total |   1606 |   1389 |    217 |      7 |    833 |   3 |  535.3 |
       Dungeon |   1606 |   1389 |    217 |      7 |    833 |   3 |  535.3 |
               +--------+--------+--------+--------+--------+-----+--------+

Top non-repeatable levels by time:
     D:1: 887 daAuts
     D:2: 703 daAuts
     D:3: 15 daAuts

Table legend:
 A = Kills in this place as a percentage of kills in the entire game.
 B = Kills by you in this place as a percentage of kills by you in the entire game.
 C = Kills by friends in this place as a percentage of kills by friends in the entire game.
 D = Other kills in this place as a percentage of other kills in the entire game.
 E = Experience gained in this place as a percentage of experience gained in the entire game.
 F = Experience gained in this place divided by the number of levels of this place that you have seen.
                   A       B       C       D       E      F
               +-------+-------+-------+-------+-------+----------------------
         Total | 100.0 | 100.0 |   N/A |   N/A | 100.0 |  31.0
       Dungeon | 100.0 | 100.0 |   N/A |   N/A | 100.0 |  31.0
               +-------+-------+-------+-------+-------+----------------------
